 Dungeon Crawl Stone Soup version 0.32-a0-450-g080537f31e (webtiles) character file.

Game seed: 12631218183082607662

12961 cforsyth the Carver (level 12, 0/145 HPs)
             Began as a Coglin Gladiator on Feb 24, 2024.
             Was an Elder of Wu Jian.
             Succumbed to Sonja's poison
             ... on level 11 of the Dungeon.
             The game lasted 00:20:43 (12348 turns).

cforsyth the Carver (Coglin Gladiator)             Turns: 12348, Time: 00:20:43

Health: 0/145      AC: 16    Str: 16    XL:     12   Next: 1%
Magic:  12/12      EV:  9    Int:  7    God:    Wu Jian [****..]
Gold:   655        SH:  0    Dex: 20    Spells: 11/11 levels left

rFire   . . .        I - +3 double sword (elec) {Li}
rCold   + . .        s - +4 dagger (speed) {Navbir}
rNeg    . . .        v - +0 chain mail {rPois}
rPois   +            c - +0 helmet
rElec   .            w - +0 cloak
rCorr   .            y - +0 pair of gloves
SInv    .            N - +0 pair of boots
Will    +....        (no amulet) Stlth
                     W - ring of willpower
HPRegen 0.44/turn    C - ring of protection from cold
MPRegen 0.13/turn

%: no passive effects
@: berserking, lethally poisoned (0 -> -4), hasted, revved, very quick
A: off-hand wielding, slow wielding, warmup strikes, legs shutdown
a: Renounce Religion, Wall Jump, Serpent's Lash


You were on level 11 of the Dungeon.
You worshipped Wu Jian.
Wu Jian was greatly pleased with you.
You visited 2 branches of the dungeon, and saw 12 of its levels.
You also visited: Bailey.

You collected 833 gold pieces.
You spent 178 gold pieces at shops.


Innate Abilities, Weirdness & Mutations

You can wield a second weapon in your off-hand.
It takes a long time for you to wield or remove held weapons.
Your first few attacks do less damage.
Attacking and casting redirects power from your legs.


   Skills:
 + Level 9.7 Fighting
 + Level 10.0 Long Blades
 - Level 1.7 Throwing
 + Level 8.7 Armour
 - Level 2.6 Dodging
 + Level 8.7 Unarmed Combat


You had 11 spell levels left.
You didn't know any spells.
Your spell library contained the following spells:

 Spells                   Type           Power      Damage    Failure   Level
 Freeze                   Ice            0%         1d3       99%         1
 Ensorcelled Hibernation  Hex/Ice        0%         N/A       99%         2
 Jinxbite                 Hex            0%         N/A       99%         2
 Static Discharge         Conj/Air       0%         3-3/arc   99%         2
 Call Canine Familiar     Summ           0%         N/A       100%        3
 Frozen Ramparts          Ice            0%         1d1       100%        3
 Fugue of the Fallen      Necr           0%         N/A       100%        3
 Hailstorm                Conj/Ice       0%         3d5       100%        3
 Sigil of Binding         Hex            0%         N/A       100%        3
 Airstrike                Air            0%         2d(0-16)  100%        4
 Anguish                  Hex/Necr       0%         N/A       100%        4
 Dimensional Bullseye     Hex/Tloc       0%         N/A       100%        4
 Summon Lightning Spire   Summ/Air       0%         N/A       100%        4
 Yara's Violent Unravell  Hex/Alch       0%         3d3       100%        5
 Enfeeble                 Hex            0%         N/A       100%        7

Inventory:

Hand Weapons
 o - a +1 short sword of freezing {Chun}
 s - a +4 dagger of speed (offhand) {Navbir}
 I - a +3 double sword of electrocution (weapon) {Li}
Missiles
 d - 7 throwing nets (quivered) {=f}
 e - 21 javelins
Armour
 c - a +0 helmet (worn)
 v - a +0 chain mail of poison resistance (worn)
 w - a +0 cloak (worn)
 y - a +0 pair of gloves (worn)
 N - a +0 pair of boots (worn)
Magical Staves
 O - a staff of death {!a}
Jewellery
 h - an amulet of faith {!P}
 n - a ring of positive energy
 C - a ring of protection from cold (right grasper)
 M - a ring of magical power
 P - a ring of poison resistance
 W - a ring of willpower (left grasper)
Wands
 q - a wand of charming (14)
 A - a wand of digging (8)
 D - a wand of acid (5)
 L - a wand of mindburst (8)
Scrolls
 b - 3 scrolls of teleportation {@r2}
 f - a scroll of noise
 k - 2 scrolls of vulnerability
 m - 3 scrolls of revelation
 t - 2 scrolls of amnesia
 B - 2 scrolls of enchant armour
 G - 3 scrolls of fear
 J - 3 scrolls of immolation {unknown}
 K - 2 scrolls of identify {@r1}
 Q - a scroll of summoning {unknown}
 R - a scroll of blinking
Potions
 a - a potion of enlightenment {unknown}
 g - 3 potions of might
 j - a potion of magic
 u - a potion of resistance {unknown}
 x - 3 potions of mutation
 z - 2 potions of brilliance
 E - a potion of attraction {unknown}
 F - a potion of cancellation {unknown}
Miscellaneous
 H - a lightning rod (4/4)

Dungeon Overview and Level Annotations

Branches:
Dungeon (11/15)            Temple (1/1) D:6             Orc (0/2) D:9
 Bailey (visited)
   Lair: D:8-11

Altars:
Ashenzari
Cheibriados
Dithmenos
Elyvilon
Fedhas
Gozag
Hepliaklqana
Kikubaaqudgha
Makhleb
Nemelex Xobeh
Okawaru
Qazlal
Ru
Sif Muna
Trog
Uskayaw
Vehumet
Wu Jian
Xom
Yredelemnul
Zin
The Shining One

Shops:
D:2 =   D:3 :   D:4 !   D:8 * D:9

* ........ .
....... #....
#####...
........###...##
...............
.............##
.....##.......#
#.....?......#
#..........#
.....#.).....##
... ##@.....## .
#.......#
#..<....#
#.......#
.........##
######...##
#...# #...#
#...#


There were no monsters in sight!


Message History

You feel sick. Sonja completely misses you.
Sonja hits you with a +0 dagger of venom.
* * * LOW HITPOINT WARNING * * *
Sonja hits you with a +0 dagger of venom.
* * * LOW HITPOINT WARNING * * *
Unknown command.
You feel better.
You are no longer unable to travel.
Sonja hits you with a +0 dagger of venom!
* * * LOW HITPOINT WARNING * * *
You are lethally poisoned!
Sonja barely misses you. Sonja hits you but does no damage.
Okay, then.
Unknown command.
Unknown command.
A red film seems to cover your vision as you go berserk!
You feel yourself moving faster!
You feel mighty!
You feel sick.
Sonja hits you with a +0 dagger of venom.
* * * LOW HITPOINT WARNING * * *
Sonja hits you with a +0 dagger of venom.
* * * LOW HITPOINT WARNING * * *
Sonja hits you but does no damage.
Unknown command.
Unknown command.
You closely miss Sonja with your +4 dagger of speed.
Sonja is almost dead.
You slice Sonja with your +3 double sword of electrocution!!
You kill Sonja!
The Council accepts your kill.
You die...

Skill      XL: |  1  2  3  4  5  6  7  8  9 10 11 |
---------------+----------------------------------+-----
Unarmed Combat | 1 2 3 4 6 7 8 |  8.7
Armour         | 1 2 3 4 6 7 8 |  8.7
Fighting       | 3 4 5 7 8 9 |  9.7
Long Blades    | 4 5 6 7 8 10 | 10.0
Throwing       | |  1.7
Dodging        | |  2.6

Action                     |  1- 3 |  4- 6 |  7- 9 | 10-12 || total
---------------------------+-------+-------+-------+-------++-------
  Melee: Long sword        |   204 |    94 |   281 |   253 ||   832
         Short sword       |   144 |    13 |       |       ||   157
         Dagger            |       |    79 |   270 |   442 ||   791
         Double sword      |       |       |       |   209 ||   209
Ability: Lunge             |       |       |    11 |    60 ||    71
         Whirlwind         |       |       |     9 |    27 ||    36
  Evoke: Wand              |       |     1 |     3 |    14 ||    18
    Use: Scroll            |       |     6 |     9 |     4 ||    19
         Potion            |       |       |       |    11 ||    11
   Stab: Sleeping          |       |     1 |       |       ||     1
 Armour: Leather armour    |    56 |    52 |     7 |       ||   115
         Chain mail        |       |       |   203 |   462 ||   665
  Dodge: Dodged            |    64 |    65 |   122 |   230 ||   481

Levels and vault maps discovered:
D:1:      nzn_arrival_depleted_hourglass, layout_basic, serial_forest,
          infiniplex_forest_straight_3, infiniplex_forest_lined_room_,
          infiniplex_forest_end_2, infiniplex_forest_end_3,
          infiniplex_forest_clump_medium, infiniplex_forest_end_double,
          infiniplex_forest_clump_curved, infiniplex_forest_lined_ring,
          infiniplex_forest_zigzag_1, infiniplex_forest_clump_long
D:2:      layout_basic, ebering_ecumenical_altar_box, nicolae_shop_unique_rings,
          minmay_tetromino_l4
D:3:      minmay_recursive_quarters, layout_loops_ring, grunt_dithmenos_smoke,
          serial_shops, nicolae_shop_mannequins, serial_bayou_pond_d, uniq_ijyb,
          uniq_terence, uniq_grinder
D:4:      layout_rooms, nicolae_overflow_squiral, serial_shops,
          nicolae_shop_tiny_glass
D:5:      layout_gridville, old_standard_altar
D:6:      layout_basic, minmay_temple_entry_wispy, st_stairs_10,
          uniq_blork_the_orc
D:7:      layout_basic, lemuel_blue_sif_altar, minivault_14
D:8:      layout_rooms, serial_shops, shop, uniq_maurice, uniq_pikel
D:9:      kennysheep_blocky_room, layout_basic, david_orc_1_choice,
          serial_rivers, chequers_serial_rivers_small_3,
          chequers_serial_rivers_room_b, chequers_serial_rivers_small_b,
          chequers_serial_rivers_small_3, chequers_serial_rivers_marsh,
          chequers_serial_rivers_small_a, enter_bailey_2,
          nicolae_shop_overcharged_wands, uniq_prince_ribbit1
D:10:     layout_basic, einodemon_armed_red_devil_minivault, uniq_psyche
D:11:     layout_rooms, erik_lair_dragon, uniq_sonja
Temple:   nicolae_temple_bog_church

Notes
Turn   | Place    | Note
-------+----------+-------------------------------------------
     0 | D:1      | cforsyth the Coglin Gladiator began the quest for the Orb.
     0 | D:1      | Reached XP level 1. HP: 16/16 MP: 1/1
    85 | D:1      | Reached XP level 2. HP: 21/22 MP: 2/2
   556 | D:1      | Reached skill level 1 in Unarmed Combat
   556 | D:1      | Reached XP level 3. HP: 9/28 MP: 3/3
   682 | D:1      | Reached skill level 1 in Armour
  1186 | D:2      | Noticed an ogre
  1192 | D:2      | Killed an ogre
  1193 | D:2      | Reached skill level 3 in Fighting
  1193 | D:2      | Reached XP level 4. HP: 35/35 MP: 4/4
  1193 | D:2      | Reached XP level 5. HP: 41/41 MP: 5/5
  1282 | D:2      | Found a faded altar of an unknown god.
  1322 | D:2      | Reached skill level 2 in Unarmed Combat
  1344 | D:2      | Reached skill level 2 in Armour
  1687 | D:2      | Found Kadug's One-of-a-Kind Rings.
  1925 | D:3      | Found a shadowy altar of Dithmenos.
  1978 | D:3      | Reached skill level 4 in Long Blades
  1984 | D:3      | Noticed Ijyb
  2140 | D:3      | Found Jaakha's Book Shop.
  2140 | D:3      | Noticed a walking divine tome
  2142 | D:3      | Noticed a walking crystal tome
  2145 | D:3      | Noticed Grinder
  2193 | D:3      | Paralysed by Grinder for 2 turns
  2205 | D:3      | Killed Grinder
  2206 | D:3      | Reached XP level 6. HP: 48/48 MP: 6/6
  2454 | D:3      | Killed Ijyb
  2455 | D:3      | Reached skill level 3 in Armour
  2455 | D:3      | Reached XP level 7. HP: 43/53 MP: 7/7
  2622 | D:3      | Noticed Terence
  2636 | D:3      | Killed Terence
  2637 | D:3      | Reached skill level 4 in Fighting
  2637 | D:3      | Reached skill level 3 in Unarmed Combat
  2925 | D:4      | Found Irriem's Distillery.
  2942 | D:4      | Bought a potion of heal wounds for 55 gold pieces
  2942 | D:4      | Bought a potion of curing for 33 gold pieces
  2942 | D:4      | Bought a potion of might for 44 gold pieces
  3257 | D:4      | Found a broken altar of Ashenzari.
  3281 | D:4      | Found an ancient bone altar of Kikubaaqudgha.
  3503 | D:5      | Entered Level 5 of the Dungeon
  3707 | D:5      | Reached skill level 5 in Long Blades
  4024 | D:5      | Reached XP level 8. HP: 43/61 MP: 8/8
  4298 | D:5      | Reached skill level 4 in Armour
  4395 | D:5      | Reached skill level 5 in Fighting
  4395 | D:5      | Reached skill level 4 in Unarmed Combat
  4449 | D:5      | Found a burning altar of Makhleb.
  4736 | D:6      | Noticed a gargoyle
  4743 | D:6      | Killed a gargoyle
  4744 | D:6      | Reached skill level 6 in Long Blades
  4902 | D:6      | Found a staircase to the Ecumenical Temple.
  4907 | D:6      | Noticed Blork the orc
  4911 | Temple   | Entered the Ecumenical Temple
  4933 | Temple   | Became a worshipper of the Wu Jian Council
  4961 | D:6      | Killed Blork the orc
  4962 | D:6      | Reached XP level 9. HP: 69/69 MP: 9/9
  5018 | D:6      | Reached skill level 5 in Armour
  5032 | D:6      | Reached skill level 6 in Fighting
  5032 | D:6      | Reached skill level 5 in Unarmed Combat
  5973 | D:7      | Reached * piety under Wu Jian
  6615 | D:7      | Found a shimmering blue altar of Sif Muna.
  6653 | D:7      | Reached skill level 7 in Long Blades
  6907 | D:8      | Noticed Pikel
  6945 | D:7      | Killed Pikel
  6946 | D:7      | Reached skill level 7 in Fighting
  6946 | D:7      | Reached skill level 6 in Armour
  6946 | D:7      | Reached skill level 6 in Unarmed Combat
  6946 | D:7      | Reached XP level 10. HP: 73/79 MP: 10/10
  7134 | D:8      | Noticed Maurice
  7138 | D:8      | Identified the +5 battleaxe of Nuer {holy, rN+}
  7138 | D:8      | Maurice stole 341 gold
  7147 | D:8      | Maurice stole a ring of positive energy
  7153 | D:8      | Maurice stole a +1 short sword of freezing {Chun}
  7157 | D:8      | Killed Maurice
  7297 | D:8      | Found Omadurph's Assorted Antiques.
  7311 | D:8      | Bought a green potion for 23 gold pieces
  7311 | D:8      | Bought an inky potion for 23 gold pieces
  7397 | D:8      | Reached skill level 8 in Long Blades
  7528 | D:9      | Found a flagged portal.
  7535 | D:9      | Noticed a cyclops
  7550 | D:9      | Killed a cyclops
  7550 | D:9      | Reached ** piety under Wu Jian
  7568 | D:9      | Found Waohes's Overcharged Wands.
  7600 | Bailey   | Entered a bailey
  7839 | Bailey   | Reached skill level 8 in Fighting
  7839 | Bailey   | Reached skill level 7 in Armour
  7839 | Bailey   | Reached skill level 7 in Unarmed Combat
  8844 | Bailey   | Reached XP level 11. HP: 47/87 MP: 11/11
  9117 | Bailey   | Acquired a +3 double sword of electrocution
  9267 | D:9      | Reached skill level 9 in Long Blades
  9422 | D:9      | Found a staircase to the Orcish Mines.
  9424 | D:9      | Noticed Prince Ribbit
  9432 | D:9      | Killed Prince Ribbit
  9460 | D:9      | Reached *** piety under Wu Jian
  9754 | D:9      | Noticed a manticore
  9766 | D:9      | Killed a manticore
  9767 | D:9      | Reached skill level 9 in Fighting
  9935 | D:9      | Noticed a swamp dragon
  9947 | D:9      | Killed a swamp dragon
  9948 | D:9      | Reached skill level 8 in Armour
  9948 | D:9      | Reached skill level 8 in Unarmed Combat
 10728 | D:10     | Entered Level 10 of the Dungeon
 10781 | D:10     | Noticed a cyclops
 10788 | D:10     | Killed a cyclops
 10865 | D:10     | Noticed a two-headed ogre
 10873 | D:10     | Killed a two-headed ogre
 10911 | D:10     | Noticed Psyche
 10920 | D:10     | Killed Psyche
 11111 | D:10     | HP: 8/89 [orc warrior/+6 trident (9)]
 11111 | D:10     | HP: 3/89 [red devil/+0 spear (5)]
 11185 | D:10     | Reached **** piety under Wu Jian
 11749 | D:10     | Reached skill level 10 in Long Blades
 11973 | D:11     | Noticed a manticore
 12325 | D:11     | Noticed Sonja
 12345 | D:11     | Reached XP level 12. HP: 20/97 MP: 12/12
 12345 | D:11     | HP: 6/97 [Sonja/+0 dagger of venom (6)]
 12347 | D:11     | HP: 1/145 [Sonja/+0 dagger of venom (5)]
 12348 | D:11     | Killed Sonja
 12348 | D:11     | Succumbed to Sonja's poison

Vanquished Creatures
  A two-headed ogre (D:10)
  Sonja (D:11)
  Pikel (D:7)
  A swamp dragon (shapeshifter) (D:9)
  A manticore (D:9)
  2 cyclopes
  Maurice (D:8)
  A gargoyle (D:6)
  A kobold demonologist (D:9)
  Psyche (D:10)
  3 red devils (D:10)
  Prince Ribbit (D:9)
  Grinder (D:3)
  A slime creature (D:11)
  2 shadows
  2 wyverns
  3 yaks
  2 wargs (D:9)
  A steam dragon (D:9)
  An acid dragon (D:10)
  A sky beast (D:6)
  18 orc warriors
  5 black bears
  3 ogres
  14 centaurs
  A phantom (D:5)
  Blork the orc (D:6)
  3 kobold brigands
  3 bullfrogs (D:9)
  A gnoll sergeant (D:8)
  3 scorpions
  11 wights
  3 killer bees (D:8)
  5 howler monkeys (D:10)
  2 electric eels (D:7)
  A jelly (D:4)
  A hound (D:6)
  11 orc priests
  3 iguanas
  Ijyb (D:3)
  Terence (D:3)
  5 orc wizards
  9 gnolls
  11 adders
  3 white imps
  2 ufetubi (D:7)
  4 dart slugs
  3 ribbon worms
  62 orcs
  6 ball pythons
  6 endoplasms
  4 giant cockroaches
  3 goblins
  7 hobgoblins
  11 jackals
  21 kobolds
  3 quokkas
  6 bats
  4 frilled lizards
  4 rats
294 creatures vanquished.

Table legend: (Time is in decaauts)
 A = Elapsed time spent in this place.
 B = Non-inter-level travel time spent in this place.
 C = Inter-level travel time spent in this place.
 D = Time resting spent in this place.
 E = Time spent auto-exploring this place.
 F = Levels seen in this place.
 G = Mean time per level.
                   A        B        C        D        E       F      G
               +--------+--------+--------+--------+--------+-----+--------+
         Total |  12245 |  11958 |    287 |   1393 |   8085 |  13 |  941.9 |
       Dungeon |  10620 |  10378 |    242 |   1010 |   7329 |  11 |  965.5 |
        Temple |     46 |      2 |     44 |      0 |      0 |   1 |   46.0 |
        Bailey |   1579 |   1579 |      0 |    383 |    755 |   1 | 1579.0 |
               +--------+--------+--------+--------+--------+-----+--------+

Top non-repeatable levels by time:
     D:9: 1617 daAuts
  Bailey: 1579 daAuts
    D:10: 1542 daAuts
     D:7: 1237 daAuts
     D:1: 1149 daAuts
     D:5: 1149 daAuts
     D:3: 1039 daAuts
     D:6: 842 daAuts
     D:2: 741 daAuts
     D:8: 664 daAuts
     D:4: 578 daAuts
    D:11: 59 daAuts
  Temple: 46 daAuts

Table legend:
 A = Non-vault XP
 B = Vault XP
 C = Vault XP percentage of total XP
 D = Non-vault monster count
 E = Vault monster count
 F = Vault count percentage of total count
                 A         B        C        D         E       F
            +---------+---------+-------+---------+---------+-------
      Total |    9139 |   10170 |  52.7 |     209 |      85 |  28.9
            +---------+---------+-------+---------+---------+-------
        D:1 |      41 |       7 |  14.6 |      22 |       4 |  15.4
        D:2 |     202 |       4 |   1.9 |      25 |       2 |   7.4
        D:3 |      74 |     345 |  82.3 |      14 |       9 |  39.1
        D:4 |     239 |       0 |   0.0 |      14 |       0 |   0.0
        D:5 |     693 |       0 |   0.0 |      24 |       0 |   0.0
        D:6 |     503 |     593 |  54.1 |      18 |       3 |  14.3
        D:7 |    1185 |     685 |  36.6 |      23 |       1 |   4.2
        D:8 |     992 |     507 |  33.8 |      18 |       1 |   5.3
        D:9 |    2253 |    3047 |  57.5 |      33 |      18 |  35.3
       D:10 |    2506 |    1434 |  36.4 |      16 |       5 |  23.8
       D:11 |     451 |     792 |  63.7 |       2 |       1 |  33.3
     Bailey |       0 |    2756 | 100.0 |       0 |      41 | 100.0
            +---------+---------+-------+---------+---------+-------
